 Dungeon Crawl Stone Soup version 0.29-a0-700-g2f1814c7b2 (webtiles) character file.

Game seed: 14432613785634763993

10913 YayAnonymity the Basher (level 11, -10/104 HPs)
             Began as a Troll Gladiator on June 25, 2022.
             Was an Initiate of Ashenzari.
             Mangled by a sun demon (18 damage)
             ... summoned by a kobold demonologist
             ... on level 11 of the Dungeon.
             The game lasted 00:24:23 (10526 turns).

YayAnonymity the Basher (Troll Gladiator)          Turns: 10526, Time: 00:24:24

Health: -10/104    AC: 15    Str: 28    XL:     11   Next: 42%
Magic:  10/10      EV: 11    Int:  4    God:    Ashenzari [......]
Gold:   840        SH:  5    Dex: 11    Spells: 10/10 levels left

rFire   . . .      SeeInvis .   a - +3 giant spiked club
rCold   . . .      Faith    .   (shield currently unavailable)
rNeg    . . .      Spirit   .   j - +0 acid dragon scales
rPois   .          Reflect  +   c - +0 hat
rElec   .          Harm     .   t - +1 cloak
rCorr   +          Rampage  .   (gloves unavailable)
Will    +....                   (boots unavailable)
Stlth   +.........              u - amulet of reflection
HPRegen 1.07/turn               G - ring of willpower
MPRegen 0.12/turn               D - +4 ring of protection

@: on fire, glowing, studying Short Blades
A: large, unfitting armour, claws 3, regeneration 1, shaggy fur 1, tough skin 1
a: Renounce Religion, Curse Item


You were on level 11 of the Dungeon.
You worshipped Ashenzari.
Ashenzari was noncommittal.
You visited 2 branches of the dungeon, and saw 12 of its levels.

You collected 1412 gold pieces.
You spent 572 gold pieces at shops.

Inventory:

Hand Weapons
 a - a +3 giant spiked club (weapon)
 b - a +2 morningstar of flaming
Missiles
 d - 4 throwing nets
 e - 10 large rocks (quivered)
 m - 34 poisoned darts
 F - 3 javelins
Armour
 c - a +0 hat (worn)
 g - a +0 tower shield
 j - +0 acid dragon scales (worn)
 t - a +1 cloak (worn)
Jewellery
 u - an amulet of reflection (around neck)
 v - a +6 ring of intelligence
 D - a +4 ring of protection (right claw)
 E - a ring of protection from fire
 G - a ring of willpower (left claw)
Wands
 s - a wand of iceblast (17)
 H - a wand of flame (10)
Scrolls
 q - a scroll of amnesia
 r - 4 scrolls of fog
 w - 4 scrolls of identify
 y - 6 scrolls of teleportation
Potions
 f - 2 potions of invisibility
 h - 8 potions of curing
 i - a potion of mutation
 k - a potion of attraction
 l - 6 potions of flight
 n - 3 potions of cancellation
 o - 8 potions of magic
 p - 2 potions of lignification
 x - a potion of haste
 A - 4 potions of resistance
 B - a potion of ambrosia
 C - a potion of might


   Skills:
 + Level 5.4 Fighting
 * Level 12.8 Maces & Flails
 + Level 5.6 Throwing
 + Level 3.7 Armour
 + Level 6.3 Dodging


You had 10 spell levels left.
You didn't know any spells.
Your spell library contained the following spells:

 Spells                   Type           Power      Damage    Failure   Level
 Beastly Appendage        Tmut           0%         N/A       56%         1
 Magic Dart               Conj           0%         1d3       56%         1
 Summon Small Mammal      Summ           0%         N/A       56%         1
 Call Imp                 Summ           0%         N/A       71%         2
 Wereblood                Tmut           0%         N/A       71%         2
 Call Canine Familiar     Summ           0%         N/A       90%         3
 Frozen Ramparts          Ice            0%         1d2       90%         3
 Mephitic Cloud           Conj/Pois/Air  0%         N/A       90%         3
 Portal Projectile        Hex/Tloc       0%         N/A       90%         3
 Spider Form              Tmut/Pois      0%         N/A       90%         3
 Summon Guardian Golem    Hex/Summ       0%         N/A       90%         3
 Tukima's Dance           Hex            0%         N/A       90%         3
 Airstrike                Air            0%         N/A       100%        4
 Animate Dead             Necr           0%         N/A       100%        4
 Ice Form                 Ice/Tmut       0%         N/A       100%        4
 Passage of Golubria      Tloc           0%         N/A       100%        4
 Summon Ice Beast         Ice/Summ       0%         N/A       100%        4
 Summon Lightning Spire   Summ/Air       0%         N/A       100%        4
 Blade Hands              Tmut           0%         N/A       100%        5
 Lightning Bolt           Conj/Air       0%         1d11      100%        5
 Silence                  Hex/Air        0%         N/A       100%        5
 Dispersal                Tloc           0%         N/A       100%        6
 Haunt                    Necr/Summ      0%         N/A       100%        7
 Disjunction              Tloc           0%         N/A       100%        8
 Infestation              Necr           0%         N/A       100%        8
 Lehudib's Crystal Spear  Conj/Erth      0%         10d2      100%        8


Dungeon Overview and Level Annotations

Branches:
Dungeon (11/15)            Temple (1/1) D:5            Lair (0/6) D:8
    Orc: D:9-12

Altars:
Ashenzari
Cheibriados
Dithmenos
Elyvilon
Fedhas
Gozag
Hepliaklqana
Kikubaaqudgha
Makhleb
Nemelex Xobeh
Okawaru
Qazlal
Ru
Sif Muna
Trog
Uskayaw
Vehumet
Wu Jian
Xom
Yredelemnul
Zin
The Shining One
Beogh

Shops:
D:2 ?   D:3 (   D:5 [(


Innate Abilities, Weirdness & Mutations

You are too large for most types of armour.
You have claws for hands.
Your natural rate of healing is unusually fast.
You are covered in fur. (AC +1)
You have tough skin. (AC +1)


Message History

Throw: 11 large rocks
Press: ? - help, Q - select action, (/) - cycle Shift-Dir - straight line, f/p - fire elemental
Aim: a fire elemental (summoned, 53% to hit)
You throw a large rock. The large rock hits the fire elemental!
The fire elemental is heavily damaged.
The fire elemental hits you. The fire elemental burns you!
The fire elemental barely misses you.
The crimson imp blinks!
The kobold demonologist casts a spell.
The fire elemental hits you. The fire elemental burns you!
The deep elf pyromancer hits you with a +0 dagger.
The kobold demonologist looks braver for a moment.
The crimson imp attacks as you move away!
The crimson imp hits you but does no damage.
The crimson imp blinks!
You block the deep elf pyromancer's attack.
You barely miss the deep elf pyromancer.
The fire elemental hits you. The fire elemental burns you!
* * * LOW HITPOINT WARNING * * *
The deep elf pyromancer hits you but does no damage.
The fire elemental hits you. The fire elemental burns you!
* * * LOW HITPOINT WARNING * * *
The deep elf pyromancer hits you but does no damage.
You barely miss the deep elf pyromancer.
The fire elemental closely misses you.
The deep elf pyromancer hits you but does no damage.
You closely miss the deep elf pyromancer.
The fire elemental hits you. The fire elemental burns you!
* * * LOW HITPOINT WARNING * * *
The deep elf pyromancer gestures at you while chanting.
The sticky flame hits you but does no damage.
You are covered in liquid flames!
The kobold demonologist looks encouraged for a moment.
The fire elemental closely misses you.
You closely miss the deep elf pyromancer.
You are covered in liquid flames!
* * * LOW HITPOINT WARNING * * *
The sun demon hits you.
* * * LOW HITPOINT WARNING * * *
You are engulfed in flames!!
You die...

.#(#. +.#.#.# #......
#...... +5#4#K#
###### #.#K#.# #
#..... #.#)#.#.#
#..... #5#E#3#.#
#..... #..e@...#
#..... #.......#
#..... ####'####
#..... #.....# #.....
#..[).# #.....
###'#'### ### ##.###
#.⌠.⌠.⌠.# ..#####....
#.......# #.##....###
###...#####.##....###


You could see a sun demon (summoned), a rust devil (summoned), a deep elf
pyromancer, 2 kobold demonologists, a fire elemental (summoned) and a crimson
imp (summoned).

Vanquished Creatures
  A two-headed ogre (D:11)
  A boulder beetle (D:11)
  A deep elf pyromancer (D:11)
  An orc sorcerer (D:11)
  Maggie (D:7)
  A tengu conjurer (D:11)
  2 trolls
  Prince Ribbit (D:5)
  2 wyverns
  A shadow (D:11)
  A wraith (D:6)
  11 yaks
  2 acid dragons
  3 water moccasins
  5 orc warriors
  2 ice beasts (D:6)
  2 sky beasts
  2 black bears (D:5)
  An ogre (D:4)
  3 wolves (D:8)
  10 centaurs
  A phantom (D:6)
  2 kobold brigands
  4 bullfrogs
  A necrophage (D:6)
  A gnoll sergeant (D:10)
  5 scorpions
  3 killer bees (D:9)
  6 howler monkeys
  3 electric eels
  Crazy Yiuf (D:3)
  5 jellies
  3 gnoll shamans
  10 orc priests
  6 hounds
  Natasha (thrice) (D:3)
  3 iguanas
  10 orc wizards
  23 gnolls
  6 adders
  3 shadow imps
  3 white imps (D:7)
  An ufetubus (D:5)
  2 worms
  39 orcs
  3 ball pythons
  5 endoplasms
  4 giant cockroaches
  13 goblins
  9 hobgoblins
  4 jackals (D:2)
  5 quokkas
  3 bats
  7 frilled lizards
  14 kobolds
  2 rats
267 creatures vanquished.

Notes
Turn   | Place    | Note
-------+----------+-------------------------------------------
     0 | D:1      | YayAnonymity the Troll Gladiator began the quest for the
                  | Orb.
     0 | D:1      | Reached XP level 1. HP: 19/19 MP: 0/0
    54 | D:1      | Reached XP level 2. HP: 24/28 MP: 1/1
    84 | D:1      | Reached skill level 3 in Maces & Flails
   444 | D:1      | You fall into a shaft and drop 1 floor!
   599 | D:2      | Reached XP level 3. HP: 35/35 MP: 2/2
   621 | D:2      | Found a shadowy altar of Dithmenos.
   773 | D:2      | Found Xuadaer's Magic Scroll Boutique.
  1072 | D:2      | Reached XP level 4. HP: 42/42 MP: 3/3
  1242 | D:2      | Found a faded altar of an unknown god.
  1441 | D:3      | Found a hide-covered altar of Uskayaw.
  1501 | D:3      | Noticed a centaur
  1515 | D:3      | Killed a centaur
  1516 | D:3      | Reached skill level 4 in Maces & Flails
  1516 | D:3      | Reached XP level 5. HP: 16/50 MP: 4/4
  1707 | D:3      | Found Kiapy's Weapon Shop.
  1802 | D:3      | Found a runed translucent door.
  1803 | D:3      | Noticed Crazy Yiuf
  1868 | D:3      | Noticed Natasha
  1882 | D:3      | Killed Natasha
  2250 | D:3      | Noticed Natasha
  2253 | D:3      | Killed Natasha
  2405 | D:3      | Killed Crazy Yiuf
  2406 | D:3      | Reached XP level 6. HP: 29/59 MP: 5/5
  2619 | D:3      | Found Kiapy's Weapon Shop.
  2728 | D:3      | Noticed Natasha
  2748 | D:3      | Killed Natasha
  2804 | D:3      | Found a hide-covered altar of Uskayaw.
  3254 | D:4      | Found a glowing golden altar of the Shining One.
  3878 | D:5      | Entered Level 5 of the Dungeon
  3890 | D:4      | Reached skill level 5 in Maces & Flails
  3890 | D:4      | Reached XP level 7. HP: 30/67 MP: 6/6
  3939 | D:5      | Noticed Prince Ribbit
  3971 | D:5      | Killed Prince Ribbit
  4022 | D:5      | Reached skill level 6 in Maces & Flails
  4022 | D:5      | Reached XP level 8. HP: 58/78 MP: 7/7
  4228 | D:5      | Found Naesch's Antique Armour Shop.
  4289 | D:5      | Found Lipo's Antique Weapon Shoppe.
  4453 | D:5      | Found a staircase to the Ecumenical Temple.
  4557 | Temple   | Entered the Ecumenical Temple
  4582 | Temple   | Became a worshipper of Ashenzari the Shackled
  4691 | D:5      | Reached skill level 7 in Maces & Flails
  4731 | D:5      | Reached skill level 5 in Throwing
  5172 | D:6      | Reached XP level 9. HP: 20/87 MP: 8/8
  5276 | D:6      | Reached skill level 1 in Armour
  5282 | D:6      | Reached skill level 8 in Maces & Flails
  5286 | D:6      | Reached skill level 5 in Fighting
  5924 | D:7      | Noticed Maggie
  5954 | D:7      | Killed Maggie
  5955 | D:7      | Reached skill level 9 in Maces & Flails
  5955 | D:7      | Reached skill level 5 in Dodging
  6180 | D:7      | Found a blossoming altar of Fedhas.
  6635 | D:8      | Reached XP level 10. HP: 96/96 MP: 9/9
  6958 | D:8      | Found a staircase to the Lair.
  7003 | D:8      | Reached skill level 10 in Maces & Flails
  7563 | D:8      | Found a runed translucent door.
  7787 | D:8      | Reached skill level 11 in Maces & Flails
  8114 | D:2      | Bought a scroll of acquirement for 572 gold pieces
  8114 | D:2      | Acquired 658 gold pieces
  8588 | D:9      | Found a stormy altar of Qazlal.
  8647 | D:9      | Found a basalt altar of Yredelemnul.
  8881 | D:9      | Found a hazy altar of Hepliaklqana.
  8954 | D:9      | Found a shimmering blue altar of Sif Muna.
  9229 | D:10     | Entered Level 10 of the Dungeon
  9478 | D:10     | Reached skill level 12 in Maces & Flails
  9549 | D:10     | Reached XP level 11. HP: 75/102 MP: 10/10
 10042 | D:11     | Noticed a two-headed ogre
 10053 | D:11     | Killed a two-headed ogre
 10120 | D:11     | Noticed a boulder beetle
 10136 | D:11     | Killed a boulder beetle
 10472 | D:11     | Noticed a deep elf pyromancer
 10478 | D:11     | Killed a deep elf pyromancer
 10509 | D:11     | Noticed an orc sorcerer
 10512 | D:11     | Noticed a deep elf pyromancer
 10515 | D:11     | Killed an orc sorcerer
 10521 | D:11     | Noticed a sun demon
 10526 | D:11     | Mangled by a sun demon

Illustrated notes

Levels and vault maps discovered:
D:1:      minmay_arrival_semitransparent, layout_loops_ring, serial_shops,
          nicolae_lakefront_shop, kennysheep_boxes
D:2:      layout_loops_cross, basic_ecumenical_altar, basic_altar, serial_shops,
          nicolae_shop_hallway_plus
D:3:      layout_loops_corners, eat_drink_and_be_merry_uskayaw, serial_shops,
          nicolae_shop_crystal, kennysheep_path_1, uniq_natasha,
          uniq_crazy_yiuf_cottage
D:4:      layout_basic, mainiacjoe_overflow_concentric_impassable,
          kennysheep_pointless_box
D:5:      layout_rooms, minmay_temple_entry_large_hall, serial_shops, shop,
          shop, kennysheep_cross_room, grunt_tough_drop, uniq_prince_ribbit1
D:6:      layout_loops_ring, minmay_manual_mares
D:7:      layout_basic, lemuel_doored_altar, uniq_maggie
D:8:      layout_gridville, erik_lair_island, hangedman_decor_push,
          dk_vineyard_2, chequers_serial_rivers_room_a, lightli_church_of_beogh
D:9:      layout_basic, nicolae_qazlal_scattered_showers,
          mainiacjoe_overflow_brackets, old_standard_altar,
          worldfamousw_hep_ancestral_shrine
D:10:     layout_long_grid, kennysheep_dice
D:11:     evilmike_library_of_no_secrets, layout_basic, enter_trove_5,
          interstate_on_off
Temple:   eino_wide_crystal_templ

Skill      XL: |  1  2  3  4  5  6  7  8  9 10 |
---------------+-------------------------------+-----
Maces & Flails | 3 4 5 6 7 9 12 | 12.8
Throwing       | 2 3 4 5 |  5.6
Fighting       | 2 3 4 5 |  5.4
Dodging        | 3 4 5 6 |  6.3
Armour         | 3 |  3.7

Action                   |  1- 3 |  4- 6 |  7- 9 | 10-12 || total
-------------------------+-------+-------+-------+-------++-------
Melee: Flail             |   130 |   140 |   348 |       ||   618
       Morningstar       |       |       |    33 |   292 ||   325
       Giant spiked club |       |       |       |    47 ||    47
Throw: Large rock        |       |     5 |    15 |    14 ||    34
  Use: Scroll            |     7 |     2 |    12 |     7 ||    28
       Potion            |       |     1 |     2 |     2 ||     5
 Stab: Sleeping          |     1 |     1 |       |       ||     2
Armor: Robe              |    67 |    52 |   142 |       ||   261
       Steam dragon scal |       |       |    17 |    63 ||    80
       Acid dragon scale |       |       |       |    89 ||    89
Dodge: Dodged            |    59 |    40 |    89 |   121 ||   309
Block: Tower shield      |    74 |    78 |   348 |   253 ||   753
       Reflection        |       |     1 |    16 |     7 ||    24
       Other             |       |       |       |     9 ||     9

Table legend: (Time is in decaauts)
 A = Elapsed time spent in this place.
 B = Non-inter-level travel time spent in this place.
 C = Inter-level travel time spent in this place.
 D = Time resting spent in this place.
 E = Time spent auto-exploring this place.
 F = Levels seen in this place.
 G = Mean time per level.
                   A        B        C        D        E       F      G
               +--------+--------+--------+--------+--------+-----+--------+
         Total |  10976 |  10271 |    705 |    641 |   6266 |  12 |  914.7 |
       Dungeon |  10915 |  10222 |    693 |    641 |   6239 |  11 |  992.3 |
        Temple |     60 |     48 |     12 |      0 |     27 |   1 |   60.0 |
               +--------+--------+--------+--------+--------+-----+--------+

Top non-repeatable levels by time:
     D:3: 1895 daAuts
     D:8: 1502 daAuts
     D:6: 1163 daAuts
     D:9: 1041 daAuts
     D:2: 986 daAuts
     D:5: 934 daAuts
     D:4: 784 daAuts
    D:10: 749 daAuts
     D:7: 742 daAuts
     D:1: 613 daAuts
    D:11: 502 daAuts
  Temple: 60 daAuts
